AoeStats
← 唐伯虎点蚊香

Arena

508243636Analyzed
4v4 RM · 10d ago on Sep 21, 2026· 39m 56s· 8 players
Game mode
Random Map
Map size
Large (8 player)
Population
200
Speed
Normal
Resources
Standard
Victory
Conquest
Starting age
Dark Age
Ending age
Imperial Age
RankedLock teamsTeams togetherTeam positionsShared explorationLock speedFull tech treeHidden civsTurbo modeCheats
Victory
Defeat
🇨🇿 Goths · Czechia
882
+4
🇫🇷 Italians · France
721
+9
🇨🇳 Byzantines · China
671
+10
🇮🇹 Vietnamese · Italy
374
+21
🇲🇽 Aztecs · Mexico
674
-16
🇧🇷 Huns · Brazil
605
-13
🇵🇪 Franks · Peru
514
-10
🇦🇷 Italians · Argentina
367
-5
kaifanestro
8:33 Loom
10:41 Feudal Age
11:39 Double-Bit Axe
13:26 Wheelbarrow
23:22 Castle Age
22:11 Stone Mining
24:56 Bow Saw
30:06 Gold Mining
31:45 Gold Shaft Mining
34:44 Imperial Age
36:45 Conscription
pjanic1520
11:36 Feudal Age
17:56 Castle Age
16:32 Loom
17:22 Wheelbarrow
17:37 Double-Bit Axe
17:44 Gold Mining
17:36 Horse Collar
20:57 Gold Shaft Mining
20:36 Heavy Plow
34:30 Bow Saw
34:35 Forging
34:25 Scale Mail Armor
37:48 Imperial Age
Tu Mama Esta Presa
2:00 Loom
15:01 Feudal Age
16:01 Double-Bit Axe
15:59 Horse Collar
18:30 Gold Mining
18:30 Stone Mining
26:03 Castle Age
26:48 Scale Mail Armor
26:59 Forging
26:41 Fletching
26:53 Padded Archer Armor
26:25 Man-at-Arms
28:41 Chain Mail Armor
29:02 Iron Casting
29:47 Stone Shaft Mining
29:24 Long Swordsman
31:15 Pikeman
31:49 Crossbowman
segurancadigitaljc
12:31 Feudal Age
13:51 Wheelbarrow
13:05 Double-Bit Axe
19:32 Castle Age
26:36 Bow Saw
26:28 Gold Mining
30:15 Imperial Age
30:55 Cavalier
31:22 Capped Ram
34:06 Two-Man Saw
33:00 Paladin
ChristopheG1970.Fr
0:39 Loom
12:34 Feudal Age
13:19 Town Watch
14:10 Double-Bit Axe
17:39 Castle Age
15:50 Stone Mining
16:57 Fletching
18:39 Bow Saw
18:33 Bodkin Arrow
20:45 Padded Archer Armor
25:31 Wheelbarrow
28:55 Gold Mining
33:53 Imperial Age
32:55 Fervor
35:49 Elite Genoese Crossbowman
38:25 Leather Archer Armor
hallerpeter14
8:39 Loom
13:01 Feudal Age
13:29 Horse Collar
13:39 Double-Bit Axe
14:49 Wheelbarrow
17:41 Town Watch
17:58 Gold Mining
17:59 Stone Mining
19:38 Arson
23:41 Castle Age
25:03 Bow Saw
24:58 Heavy Plow
25:42 Elite Skirmisher
26:32 Thumb Ring
27:45 Hand Cart
35:23 Imperial Age
35:35 Imperial Skirmisher
唐伯虎点蚊香
11:58 Feudal Age
18:27 Castle Age
17:20 Double-Bit Axe
17:19 Horse Collar
25:17 Pikeman
26:23 Elite Skirmisher
32:23 Imperial Age
29:58 Gold Mining
29:58 Stone Mining
30:02 Fletching
33:05 Loom
34:00 Wheelbarrow
37:34 Logistica
37:47 Conscription
36:59 Imperial Skirmisher
38:14 Heavy Plow
38:17 Caravan
38:32 Forging
38:22 Scale Mail Armor
38:23 Padded Archer Armor
38:19 Bodkin Arrow
38:12 Halberdier
38:54 Squires
39:48 Gold Shaft Mining
39:51 Stone Shaft Mining
madness
12:25 Feudal Age
16:24 Castle Age
14:29 Double-Bit Axe
16:24 Wheelbarrow
15:31 Horse Collar
18:53 Bow Saw
18:49 Heavy Plow
23:43 Forging
23:33 Scale Mail Armor
26:54 Iron Casting
26:34 Chain Mail Armor
27:20 Hand Cart
27:21 Loom
27:22 Town Watch
29:19 Gold Mining
32:58 Imperial Age
31:14 Anarchy
32:03 Squires
33:07 Elite Huskarl
33:47 Perfusion
34:53 Blast Furnace
34:17 Conscription
33:26 Pikeman
34:19 Halberdier
35:18 Man-at-Arms
37:10 Town Patrol
37:42 Crop Rotation
Connection lost

Rejoining the realm…

Still unreachable

The connection could not be restored.

Session expired

The server has moved on; the page needs a fresh start.